 Dungeon Crawl Stone Soup version 0.24.0-13-gcf9b3192b9 (webtiles) character file.

Game seed: 12650130807845469263, levelgen mode: deterministic

2647 Curus the Cruncher (level 9, -5/48 HPs)
             Began as a Gargoyle Gladiator on Nov 9, 2019.
             Was an Initiate of Okawaru.
             Slain by a two-headed ogre
             ... wielding a +0 giant club
              (9 damage)
             ... on level 8 of the Dungeon.
             The game lasted 00:33:28 (6100 turns).

Curus the Cruncher (Gargoyle Gladiator)             Turns: 6100, Time: 00:33:29

Health: -5/48      AC: 19    Str: 19      XL:     9   Next: 62%
Magic:  9/9        EV: 11    Int:  8      God:    Okawaru [......]
Gold:   477        SH:  0    Dex: 16 (18) Spells: 8/8 levels left

rFire    . . .     SeeInvis .   a - +1 quarterstaff
rCold    . . .     Gourm    .   (shield currently unavailable)
rNeg     + . .     Faith    .   o - +0 chain mail
rPois    ∞         Spirit   .   c - +2 helmet
rElec    +         Reflect  .   l - scarf {cloud immunity}
rCorr    .         Harm     .   j - +1 pair of gloves
MR       .....                  (no boots)
Stlth    ..........             (no amulet)
HPRegen  0.16/turn              h - +2 ring of evasion
MPRegen  0.11/turn              u - +1 ring of evasion

@: no status effects
A: agile 2, negative energy resistance 1, electricity resistance, unbreathing,
petrification resistance, rot immunity, AC +6
a: Renounce Religion


You were on level 8 of the Dungeon.
You worshipped Okawaru.
Okawaru was noncommittal.
You were not hungry.

You visited 1 branch of the dungeon, and saw 8 of its levels.

You collected 477 gold pieces.

Inventory:

Hand Weapons
 a - a +1 quarterstaff (weapon)
Missiles
 d - 4 throwing nets (quivered)
Armour
 b - a +0 leather armour
 c - a +2 helmet (worn)
 g - a +0 scale mail
 j - a +1 pair of gloves (worn)
 l - a scarf of cloud immunity (worn)
 o - a +0 chain mail (worn)
 t - a scarf of spirit shield
Jewellery
 h - a +2 ring of evasion (left hand)
 p - a +2 ring of strength
 u - a +1 ring of evasion (right hand)
Wands
 r - a wand of flame (57)
 s - a wand of enslavement (8)
Scrolls
 k - 3 scrolls of teleportation
 m - a scroll of blinking
 n - 8 scrolls of identify
 q - a scroll of remove curse
 y - 2 scrolls of amnesia
Potions
 e - 4 potions of heal wounds
 i - a potion of magic
 w - a potion of curing
Comestibles
 f - 9 rations
 v - 2 chunks of flesh


   Skills:
 - Level 2.1 Fighting
 + Level 12.7 Staves
 - Level 1.7 Throwing
 - Level 2.4 Dodging


You had 8 spell levels left.
You didn't know any spells.
Your spell library contained the following spells:

 Spells                   Type           Power        Failure   Level  Hunger
 Magic Dart               Conj           #...         99%         1    ##.....
 Searing Ray              Conj           #.....       100%        2    ###....
 Dazzling Spray           Conj/Hex       #.....       100%        3    ####...
 Force Lance              Conj/Tloc      #.......     100%        4    #####..
 Fulminant Prism          Conj/Hex       #.........   100%        4    #####..
 Iskenderun's Mystic Bla  Conj           #.......     100%        4    #####..


Dungeon Overview and Level Annotations

Branches:
Dungeon (8/15)             Temple (0/1) D:7
   Lair: D:8-11

Altars:
Kikubaaqudgha
Nemelex Xobeh
Okawaru
Ru

Shops:
D:7 [

Annotations:
D:6 3 runed translucent doors, ponobo's ghost, novice DrCj


Innate Abilities, Weirdness & Mutations

You are resistant to torment.
Your stone body is resilient. (AC +6)
You are immune to poison.
You resist negative energy. (rN+)
You are resistant to electric shocks. (rElec)
You can survive without breathing.
You are immune to petrification.
You are immune to rotting.
You are very agile. (Dex +4)


Message History

Found a potion of agility.
Evoke which item? (* to show all) (? for menu, Esc to quit)
Aiming: Throw Flame
Press: ? - help, Shift-Dir - straight line, f - two-headed ogre
Aim: a two-headed ogre, wielding two +0 giant clubs The puff of flame hits the two-headed ogre.
The two-headed ogre is lightly wounded.
You hit the two-headed ogre.
The two-headed ogre is lightly wounded.
The two-headed ogre hits you with a +0 giant club!
The two-headed ogre hits you with a +0 giant club!!
Your chain mail prevents you from hitting the two-headed ogre.
The two-headed ogre is lightly wounded.
You sock the two-headed ogre!
The two-headed ogre is moderately wounded.
A quokka comes into view.
The two-headed ogre hits you with a +0 giant club!
* * * LOW HITPOINT WARNING * * *
The two-headed ogre hits you with a +0 giant club!
You die...

#...# ......#.# #..#
.....#.## #.....##..#
r...... +.....##... .
#.....# #...[.##...
..#+#.....# .....##...
!.........# ..#...##...
.......O..# ...#...#....
..........@..#....#........
.....#+###........+....†...
.... #............#..#.÷...
#...#............#..#....#
##...#.....#.##.###........
...........#.# #.........#
..#####.....#.. +..........
........######## #.........#
+#..........########..#....#


You could see a two-headed ogre and a quokka (wandering).

Vanquished Creatures
  Pikel (D:5)
  Grinder (D:3)
  Sigmund (D:3)
  A water moccasin (D:5)
  A sky beast (D:5)
  An ice beast (D:6)
  2 ogres
  2 phantoms
  2 bullfrogs
  2 electric eels (D:4)
  5 howler monkeys
  2 crimson imps (D:5)
  A quasit (D:8)
  A hound (D:4)
  A centaur zombie (D:8)
  A centaur skeleton (D:6)
  An iguana (D:6)
  5 orc priests
  Jessica (D:3)
  3 orc wizards
  4 worker ants
  8 gnolls
  4 adders
  An ooze (D:1)
  4 adder skeletons
  3 adder zombies
  4 worms
  5 leopard geckos
  24 orcs
  8 bats
  6 giant cockroaches
  10 goblins
  11 hobgoblins
  8 jackals
  6 kobolds
  4 quokkas
  4 ball pythons
  6 frilled lizards
  3 leopard gecko skeletons
  9 rats
167 creatures vanquished.

Vanquished Creatures (others)
  Menkaure (D:5)
  An ogre (D:5)
  A worker ant (D:5)
  A giant cockroach (D:5)
4 creatures vanquished.

Grand Total: 171 creatures vanquished

Notes
Turn   | Place    | Note
-------+----------+-------------------------------------------
     0 | D:1      | Curus the Gargoyle Gladiator began the quest for the Orb.
     0 | D:1      | Reached XP level 1. HP: 12/12 MP: 1/1
    73 | D:1      | Reached XP level 2. HP: 15/17 MP: 2/2
   335 | D:1      | Reached skill level 4 in Staves
   446 | D:1      | Reached XP level 3. HP: 15/21 MP: 3/3
  1142 | D:2      | Reached XP level 4. HP: 26/26 MP: 4/4
  1462 | D:3      | Noticed Grinder
  1469 | D:3      | Paralysed by Grinder for 4 turns
  1479 | D:3      | Killed Grinder
  1479 | D:3      | Reached skill level 6 in Staves
  1479 | D:3      | Reached XP level 5. HP: 17/30 MP: 5/5
  1479 | D:3      | Reached XP level 6. HP: 20/35 MP: 6/6
  1487 | D:3      | Noticed Sigmund
  1507 | D:3      | Killed Sigmund
  1507 | D:3      | Reached skill level 7 in Staves
  1746 | D:3      | Found a faded altar of an unknown god.
  1881 | D:3      | Reached XP level 7. HP: 37/40 MP: 7/7
  2117 | D:3      | Noticed Jessica
  2122 | D:3      | Killed Jessica
  2122 | D:3      | Reached skill level 8 in Staves
  3382 | D:4      | Found a transporter.
  3396 | D:4      | Found a transporter.
  3487 | D:4      | Reached skill level 9 in Staves
  3743 | D:4      | Reached XP level 8. HP: 18/44 MP: 8/8
  3954 | D:5      | Entered Level 5 of the Dungeon
  4022 | D:5      | Noticed Pikel
  4056 | D:5      | Killed Pikel
  4056 | D:5      | Reached skill level 10 in Staves
  4184 | D:5      | Reached skill level 11 in Staves
  4194 | D:5      | Killed Menkaure
  4216 | D:5      | Found a sacrificial altar of Ru.
  4326 | D:5      | Reached XP level 9. HP: 43/48 MP: 9/9
  4627 | D:6      | Found a runed translucent gate.
  4627 | D:6      | Found a runed translucent gate.
  4627 | D:6      | Found a runed translucent gate.
  4628 | D:6      | Noticed ponobo's ghost (novice DrCj)
  4641 | D:6      | Found an ancient bone altar of Kikubaaqudgha.
  4704 | D:6      | Gained mutation: You are agile. (Dex +2) [potion of
                  | mutation]
  4704 | D:6      | Gained mutation: You are very agile. (Dex +4) [potion of
                  | mutation]
  5024 | D:6      | Reached skill level 12 in Staves
  5398 | D:7      | Found Dopinned's Antique Armour Shoppe.
  5668 | D:7      | Found a sparkling altar of Nemelex Xobeh.
  5696 | D:7      | Found an iron altar of Okawaru.
  5705 | D:7      | Became a worshipper of Warmaster Okawaru
  5787 | D:7      | Found a staircase to the Ecumenical Temple.
  6094 | D:8      | Noticed a two-headed ogre
  6100 | D:8      | Slain by a two-headed ogre

Levels and vault maps discovered:
D:1:      dpeg_arrival_chase, layout_loops_corners
D:2:      layout_basic
D:3:      layout_loops_cross, serial_rivers, chequers_serial_rivers_room_b,
          chequers_serial_rivers_small_b, chequers_serial_rivers_small_3,
          chequers_serial_rivers_large_a, chequers_ecumenical_altar_grove,
          minmay_box_of_dots, uniq_grinder, uniq_sigmund, uniq_jessica
D:4:      gammafunk_steamed_eel, layout_basic, first_ration
D:5:      layout_basic, basic_altar, uniq_pikel, uniq_menkaure
D:6:      layout_loops_ring, kennysheep_mini_moat, gammafunk_ghost_necromancy
D:7:      layout_rooms, nemelex_xobeh_ov_fountains_minmay,
          minmay_temple_entry_waves, serial_shops, shop,
          okawaru_altar_gauntlet_db
D:8:      layout_basic, uniq_maurice

Skill      XL: |  1  2  3  4  5  6  7  8  9 |
---------------+----------------------------+-----
Staves         | 4 6 7 9 11 12 | 12.7
Fighting       | |  2.1
Throwing       | |  1.7
Dodging        | |  2.4

Action                   |  1- 3 |  4- 6 |  7- 9 || total
-------------------------+-------+-------+-------++-------
Melee: Quarterstaff      |    95 |    70 |   538 ||   703
Throw: Throwing net      |       |       |     1 ||     1
Evoke: Wand              |       |       |     1 ||     1
  Use: Potion            |     2 |       |     6 ||     8
       Scroll            |     1 |     4 |     7 ||    12
  Eat: Chunk             |     1 |       |    13 ||    14
       Ration            |       |     1 |       ||     1
Armor: Leather armour    |    27 |       |       ||    27
       Scale mail        |    11 |    21 |    42 ||    74
       Chain mail        |       |       |   213 ||   213
Dodge: Dodged            |    57 |    27 |   281 ||   365
